 Dungeon Crawl Stone Soup version 0.23-a0-767-gdc19b93d68 (webtiles) character file.

382 Scypier the Charmwright (level 7, -1/53 HPs)
             Began as a Human Skald on Jan 21, 2019.
             Was an Initiate of Okawaru.
             Killed from afar by an orc wizard (3 damage)
             ... with a magic dart
             ... on level 4 of the Dungeon.
             The game lasted 00:09:16 (5061 turns).

Scypier the Charmwright (Human Skald)               Turns: 5061, Time: 00:09:17

Health: -1/53      AC:  6    Str: 14    XL:     7   Next: 5%
Magic:  7/10       EV: 11    Int: 15    God:    Okawaru [......]
Gold:   103        SH:  0    Dex: 12    Spells: 3/11 levels left

rFire    . . .     SeeInvis .   a - +0 mace
rCold    . . .     Gourm    .   (no shield)
rNeg     . . .     Faith    .   j - +0 ring mail
rPois    .         Spirit   .   (no helmet)
rElec    .         Reflect  .   (no cloak)
rCorr    .         Harm     .   (no gloves)
MR       .....                  (no boots)
Stlth    ..........             (no amulet)
HPRegen  0.17/turn              (no ring)
MPRegen  0.12/turn              (no ring)

@: about to teleport
A: hooves 1, rugged brown scales 1, clever 1, deterioration 1
a: Renounce Religion


You were on level 4 of the Dungeon.
You worshipped Okawaru.
Okawaru was noncommittal.
You were not hungry.

You visited 1 branch of the dungeon, and saw 4 of its levels.

You collected 103 gold pieces.

Inventory:

Hand Weapons
 a - a +0 mace (weapon)
Armour
 j - a +0 ring mail (worn)
Wands
 m - a wand of digging (4)
Scrolls
 c - 2 scrolls of remove curse
 e - a scroll of enchant weapon {unknown}
 f - 3 scrolls of identify
 g - a scroll of fog {unknown}
 h - a scroll of blinking {unknown}
 i - a scroll of teleportation
 n - a scroll of fear {unknown}
Potions
 o - 2 potions of brilliance
Comestibles
 d - 5 rations
 l - 2 chunks of flesh


   Skills:
 + Level 3.0 Fighting
 * Level 3.8 Maces & Flails
 + Level 2.3 Armour
 + Level 3.0 Dodging
 + Level 2.6 Spellcasting
 * Level 4.6 Charms


You had 3 spell levels left.
You knew the following spells:

 Your Spells              Type           Power        Failure   Level  Hunger
a - Infusion              Chrm           ###.         6%          1    #......
b - Song of Slaying       Chrm           ###.....     10%         2    ###....
c - Shroud of Golubria    Chrm/Tloc      #.........   24%         2    ###....
d - Regeneration          Chrm/Necr      #.........   43%         3    ###....

Your spell library contained the following spells:

 Spells                   Type           Power        Failure   Level  Hunger
 Spectral Weapon          Hex/Chrm       #.......     43%         3    ###....


Dungeon Overview and Level Annotations

Branches:
Dungeon (4/15)
 Temple: D:4-7

Altars:
Nemelex Xobeh
Okawaru
Uskayaw
Xom
Zin

Annotations:
D:2 1 runed door
D:4 Grinder


Innate Abilities, Weirdness & Mutations

You have large cloven feet.
You are partially covered in rugged brown scales. (AC +1, +3% HP)
Your mind is acute. (Int +2)
Your body sometimes deteriorates upon taking damage.


Message History

Grinder blinks!
Your song has ended.
You thump the phantom!
The phantom is moderately damaged.
You feel a little less mighty now. The phantom hits you!
* * * LOW HITPOINT WARNING * * *
The phantom barely misses you.
It was a potion of mutation.
You feel extremely strange.
You feel clever.
You feel yourself wasting away.
Rugged brown scales grow over part of your body.
Your feet thicken and deform.
The phantom barely misses you.
Okay, then.
As you read the scroll labeled COISOAQ MIGEYN, it crumbles to dust.
You feel strangely unstable.
It was a scroll of teleportation.
The phantom blinks!
The orc wizard gestures at you while chanting.
The magic dart hits you!
You die...

.##.##...#.###.§# ##.......##
.##.##...........# #...._....#
##.......#.....§#.## #..#####..#
##..##..######.###.###..#...#..##
........# #.o....#.W.#oA.#...#
.....#..# #.####.....#ooo#...#
##......# #)####.#)..#####.(..
#.####.# #)#...o......_....##
#......# #.#@##.#..........#
######## #.#.##..#......##.#
#......#####......# ###.#.##
####.##### #..## #.o..o..# .....
#.......# ..#.##. #......_# .# .#
##.....%.### .# #......o...


You could see a phantom and an orc wizard.

Vanquished Creatures
  2 orc wizards
  Ijyb (D:4)
  Jessica (D:2)
  Natasha (D:2)
  A worker ant (D:4)
  Robin (D:3)
  8 adders
  3 oozes
  4 worms
  A dart slug (D:3)
  4 leopard geckos
  8 orcs
  3 ball pythons
  6 bats
  6 giant cockroaches
  17 goblins
  8 hobgoblins
  10 jackals
  3 quokkas
  6 frilled lizards
  6 kobolds
  6 rats
106 creatures vanquished.

Notes
Turn   | Place    | Note
-------+----------+-------------------------------------------
     0 | D:1      | Scypier the Human Skald began the quest for the Orb.
     0 | D:1      | Reached XP level 1. HP: 16/16 MP: 3/3
   300 | D:1      | Reached XP level 2. HP: 22/22 MP: 0/5
   461 | D:1      | Reached XP level 3. HP: 12/27 MP: 1/6
   653 | D:1      | Learned a level 2 spell: Song of Slaying
   656 | D:1      | Learned a level 2 spell: Shroud of Golubria
  1497 | D:2      | Reached XP level 4. HP: 33/33 MP: 3/7
  1837 | D:2      | Found a sparkling altar of Nemelex Xobeh.
  2294 | D:2      | Reached XP level 5. HP: 37/39 MP: 1/8
  2296 | D:2      | Noticed Jessica
  2306 | D:2      | Killed Jessica
  2606 | D:2      | Noticed Natasha
  2624 | D:2      | Killed Natasha
  2758 | D:2      | Reached skill level 4 in Charms
  3118 | D:2      | Found a runed door.
  3520 | D:3      | Reached XP level 6. HP: 37/46 MP: 4/9
  4110 | D:3      | Found an iron altar of Okawaru.
  4112 | D:3      | Noticed Robin
  4150 | D:3      | Killed Robin
  4300 | D:3      | Learned a level 3 spell: Regeneration
  4363 | D:3      | Became a worshipper of Warmaster Okawaru
  4780 | D:4      | Found a glowing silver altar of Zin.
  4780 | D:4      | Found a shimmering altar of Xom.
  4780 | D:4      | Noticed an angel
  4869 | D:4      | Noticed Ijyb
  4877 | D:4      | Found a hide-covered altar of Uskayaw.
  4910 | D:4      | Killed Ijyb
  4990 | D:4      | Noticed Grinder
  4999 | D:4      | Noticed a phantom
  5021 | D:4      | Reached XP level 7. HP: 39/52 MP: 6/10
  5024 | D:4      | Paralysed by Grinder for 6 turns
  5043 | D:4      | Paralysed by Grinder for 4 turns
  5058 | D:4      | HP: 1/52 [phantom (8)]
  5059 | D:4      | Gained mutation: Your mind is acute. (Int +2) [potion of
                  | mutation]
  5059 | D:4      | Gained mutation: Your body sometimes deteriorates upon
                  | taking damage. [potion of mutation]
  5059 | D:4      | Gained mutation: You are partially covered in rugged brown
                  | scales. (AC +1, +3% HP) [potion of mutation]
  5059 | D:4      | Gained mutation: You have large cloven feet. [potion of
                  | mutation]
  5061 | D:4      | Killed from afar by an orc wizard

Vault maps used:
D:1:      scummos_arrival_checkerplants, minmay_misc_feat_four_crosses,
          minmay_octomino_j4
D:2:      cheibrodos_helix_gallery, nemelex_xobeh_ov_fountains_minmay,
          uniq_jessica, uniq_natasha, uniq_crazy_yiuf_cottage
D:3:      okawaru_ov_weapons_minmay, uniq_robin
D:4:      grunt_temple_overflow_order_and_chaos_1, overflow_temple_1_default,
          kennysheep_mini_moat, first_ration, uniq_grinder, uniq_ijyb,
          uniq_edmund, uniq_sigmund

Skill      XL: |  1  2  3  4  5  6 |
---------------+-------------------+-----
Maces & Flails | 3 |  3.8
Charms         | 4 |  4.6
Armour         | 2 |  2.3
Fighting       | 3 |  3.0
Dodging        | 3 |  3.0
Spellcasting   | |  2.6

Action                   |  1- 3 |  4- 6 |  7- 9 || total
-------------------------+-------+-------+-------++-------
Melee: Mace              |   101 |   319 |    12 ||   432
 Cast: Infusion          |     7 |    14 |       ||    21
       Song of Slaying   |     1 |     5 |     1 ||     7
       Shroud of Golubri |       |     2 |       ||     2
  Use: Scroll            |       |     6 |     1 ||     7
       Potion            |       |     2 |     3 ||     5
 Stab: Sleeping          |     1 |       |       ||     1
  Eat: Chunk             |     2 |    13 |       ||    15
Armor: Leather armour    |    30 |       |       ||    30
       Ring mail         |     5 |   136 |     4 ||   145
Dodge: Dodged            |    79 |   216 |     9 ||   304

Table legend:
 A = Non-vault XP
 B = Vault XP
 C = Vault XP percentage of total XP
 D = Non-vault monster count
 E = Vault monster count
 F = Vault count percentage of total count
                 A         B        C        D         E       F
            +---------+---------+-------+---------+---------+-------
      Total |     391 |     156 |  28.5 |      87 |      19 |  17.9
            +---------+---------+-------+---------+---------+-------
        D:1 |      47 |       3 |   6.0 |      24 |       2 |   7.7
        D:2 |     111 |      78 |  41.3 |      22 |       4 |  15.4
        D:3 |     137 |      37 |  21.3 |      29 |      12 |  29.3
        D:4 |      96 |      38 |  28.4 |      12 |       1 |   7.7
            +---------+---------+-------+---------+---------+-------
